 Dungeon Crawl Stone Soup version 0.18.1-6-gd335043 (webtiles) character file.

133473 Loading the Executioner (level 16, -27/140 HPs)
             Began as a Minotaur Berserker on May 15, 2016.
             Was a High Priest of Trog.
             Annihilated by a titanic slime creature (70 damage)
             ... on level 15 of the Dungeon.
             The game lasted 01:29:47 (32135 turns).

Loading the Executioner (Minotaur Berserker)       Turns: 32135, Time: 01:29:48

Health: -27/140    AC: 30    Str: 24    XL:     16   Next: 59%
Magic:  5/5        EV: 16    Int:  4    God:    Trog [*****.]
Gold:   1610       SH:  0    Dex: 20    Spells: 0 memorised, 15 levels left

rFire  + . .     SeeInvis .     y - +1 executioner's axe (antimagic)
rCold  . . .     Gourm    +     k - +1 plate armour {rF+}
rNeg   . . .     Faith    .     (shield currently unavailable)
rPois  .         Spirit   .     (helmet restricted)
rElec  .         Dismiss  .     U - +2 cloak
rCorr  .         Reflect  .     S - +2 pair of gloves
SustAt .         Harm     .     R - +2 pair of boots
MR     +....                    Y - amulet of the gourmand
Stlth  ..........               T - +3 ring of dexterity
                                P - +2 ring of dexterity

@: somewhat resistant to hostile enchantments, extremely unstealthy
A: retaliatory headbutt, horns 2
a: Berserk, Trog's Hand, Brothers in Arms, Burn Spellbooks, Renounce Religion


You were on level 15 of the Dungeon.
You worshipped Trog.
Trog was extremely pleased with you.
You were very full.

You visited 3 branches of the dungeon, and saw 25 of its levels.
You visited 1 bazaar.
You also visited: Volcano.

You collected 2912 gold pieces.
You spent 1302 gold pieces at shops.

Inventory:

Hand Weapons
 r - a +4 war axe of chopping
 y - a +1 antimagic executioner's axe (weapon)
 Q - a +5 battleaxe of flaming
Armour
 j - the +9 plate armour of Rogamow {rElec rN+ MR-}
   (You bought it in a shop on level 2 of the Orcish Mines)

   It insulates you from electricity.
   It protects you from negative energy.
   It affects your resistance to hostile enchantments.
 k - a +1 plate armour of fire resistance (worn)
 F - a +0 fire dragon armour
 N - the +1 pair of boots "Mumyjon" {+Blink rPois Str+4 Int-5}
   (You acquired it in a bazaar)

   It affects your strength (+4).
   It affects your intelligence (-5).
   It protects you from poison.
   It lets you blink.
 R - a +2 pair of boots (worn)
 S - a +2 pair of gloves (worn)
 U - a +2 cloak (worn)
Jewellery
 e - an uncursed ring of protection from cold
 q - an uncursed ring of protection from fire
 P - a +2 ring of dexterity (left hand)
 T - a +3 ring of dexterity (right hand)
 V - the ring of Zoso {*Corrode +Blink rPois MR+ Int-4}
   (You found it on level 11 of the Dungeon)

   [ring of protection from magic]

   It affects your intelligence (-4).
   It protects you from poison.
   It affects your resistance to hostile enchantments.
   It lets you blink.
   It may corrode you when you take damage.
 W - an uncursed ring of flight
 X - an uncursed ring of ice
 Y - an amulet of the gourmand (around neck)
Wands
 o - a wand of heal wounds (5/9)
Scrolls
 b - 2 scrolls of enchant armour
 g - 5 scrolls of remove curse
 n - 2 scrolls of enchant weapon
 u - a scroll of fear
 E - 5 scrolls of recharging
 H - 8 scrolls of teleportation
 J - 4 scrolls of fog
 M - a scroll of brand weapon
 O - 3 scrolls of magic mapping
 Z - 2 scrolls of immolation
Potions
 a - a potion of berserk rage
 c - 6 potions of flight
 d - a potion of cure mutation
 h - 4 potions of haste
 i - 11 potions of agility
 l - 5 potions of might
 p - 2 potions of brilliance
 s - 6 potions of heal wounds
 v - 4 potions of curing
 z - 3 potions of mutation
 B - 3 potions of invisibility
 G - 2 potions of magic
 I - 2 potions of cancellation
 K - 2 potions of resistance
 L - 2 potions of lignification
Comestibles
 f - 21 beef jerkies
 m - 8 meat rations
 w - 2 slices of pizza
 x - 13 bread rations
 A - 47 fruits
 C - 4 royal jellies


   Skills:
 + Level 12.3 Fighting
 + Level 23.0 Axes
 + Level 18.2 Armour
 + Level 11.3 Dodging
 + Level 3.1 Evocations


You had 15 spell levels left.
You didn't know any spells.

Dungeon Overview and Level Annotations

Branches:
Dungeon (15/15)            Temple (0/1) D:5            Lair (8/8) D:10
  Swamp (0/4) Lair:4       Spider (0/4) Lair:3        Slime (0/6) Lair:6
    Orc (2/2) D:9             Elf (0/3) Orc:2        Vaults (0/5) D:14
 Depths: D:15

Altars:
Ashenzari
Makhleb
Okawaru
Qazlal
Xom
Yredelemnul
Zin
Beogh
Jiyva

Shops:
D:6 *   D:10 *   Orc:2 %[}[

Portals:
Pandemonium: Orc:2

Annotations:
D:6 1 runed door


Innate Abilities, Weirdness & Mutations

You reflexively headbutt those who attack you in melee.
You have a pair of horns on your head.


Message History

The enormous slime creature closely misses you.
You furiously retaliate!
You headbutt the enormous slime creature!
Two slime creatures merge to form a titanic slime creature.
You slash the titanic slime creature!
You headbutt the titanic slime creature!
The titanic slime creature is heavily wounded.
You hit the titanic slime creature.
You headbutt the titanic slime creature!
The titanic slime creature is heavily wounded.
You slash the titanic slime creature!
The titanic slime creature is heavily wounded.
The titanic slime creature hits you!!!!
Ouch! That really hurt!
You hit the titanic slime creature but do no damage.
You headbutt the titanic slime creature!
The titanic slime creature is severely wounded.
The titanic slime creature hits you!!!
Ouch! That really hurt!
You die...

####### #.....#
#..^..# #.....#
##
#.....#########
#.
#........@J...#
#.
#.....#######....
#. #.....# # #.
#.....#
###############.
###...#
#.........#.....
..###.##
#...........###.
....#..#
#.........### #.
#....#.##
#.........# ##
###.....#
#####.#####


You could see a titanic slime creature.

Vanquished Creatures
  Saint Roka (Orc:1)
  Rupert (Lair:6)
  2 orc warlords (Orc:2)
  Nessos (Orc:2)
  2 fire dragons
  The ghost of Yehuk the Blocker, a journeyman GrFi of Ashenzari (D:14)
  13 hydras
  2 centaur warriors
  An ogre mage (D:12)
  2 tengu warriors (D:14)
  7 death yaks
  A queen ant (Lair:5)
  An iron golem (D:12)
  8 orc high priests (Orc:2)
  A sun demon (Orc:2)
  5 skeletal warriors (D:14)
  A gelid demonspawn (Orc:2)
  2 unseen horrors (D:13)
  A deep elf archer (Orc:2)
  5 hill giants
  A torturous demonspawn (Orc:2)
  4 orc knights
  8 deep elf magi
  8 orc sorcerers
  3 griffons
  An oklob plant (Lair:5)
  2 ugly things
  2 salamanders (Volcano)
  A manticore (D:12)
  4 cyclopes
  22 elephants
  2 rust devils (Orc:2)
  4 gargoyles
  A torpor snail (Lair:7)
  6 centaur skeletons
  Maurice (D:12)
  12 black mambas
  22 spiny frogs
  3 rime drakes
  12 komodo dragons
  4 trolls
  3 polar bears
  4 jumping spiders (Lair:3)
  6 two-headed ogres
  3 tengu conjurers (D:13)
  A giant leech (Lair:7)
  41 blink frogs
  5 slime creatures
  A centaur simulacrum (D:14)
  4 shadows
  A ynoxinul (Orc:2)
  A wraith (D:10)
  63 yaks
  2 redbacks (Lair:3)
  9 wyverns
  9 hippogriffs
  Eustachio (D:4)
  A human (D:14)
  A neqoxec (Orc:2)
  5 fire bats
  3 basilisks
  A chaos spawn (Orc:2)
  2 steam dragons
  15 vampire mosquitoes
  3 wargs
  A mottled dragon (Volcano)
  8 soldier ants
  11 water moccasins
  10 porcupines
  7 sky beasts
  A swamp drake (D:9)
  3 black bears
  45 orc warriors
  2 ice beasts
  3 phantoms
  An eye of draining (D:13)
  20 ogres
  5 boggarts
  10 centaurs
  23 crocodiles
  3 big kobolds
  35 giant frogs
  A gnoll sergeant (D:8)
  2 wyvern zombies
  2 wyvern skeletons
  4 scorpions
  9 killer bees
  10 wights
  2 howler monkeys
  3 electric eels (Lair:8)
  A crimson imp (D:8)
  6 hounds
  A quasit (D:11)
  3 centaur zombies
  4 giant frog zombies
  30 orc priests
  2 jellies
  2 giant frog skeletons
  23 orc wizards
  9 iguanas
  Ijyb (D:2)
  35 worker ants
  21 sheep
  A hound zombie (D:3)
  A hound skeleton (D:3)
  48 river rats
  14 adders
  15 gnolls
  2 oozes (D:2)
  3 adder skeletons
  6 worms
  2 dart slugs
  128 orcs
  7 bats
  7 giant cockroaches
  3 goblins
  9 hobgoblins
  5 jackals
  16 kobolds
  2 quokkas
  3 ball pythons
  2 giant gecko zombies
  3 giant newts
  A quokka skeleton (D:6)
  4 rats
  A butterfly (D:6)
  14 fungi
  21 plants
1043 creatures vanquished.

Vanquished Creatures (collateral kills)
  Snorg (D:11)
  4 death yaks (Lair:7)
  A hill giant (D:9)
  3 elephants (Lair:7)
  A komodo dragon (Lair:7)
  An ogre (D:11)
  2 orc wizards (D:11)
  3 orcs
16 creatures vanquished.

Vanquished Creatures (others)
  A wyvern (Volcano)
  36 fungi
  43 plants
80 creatures vanquished.

Grand Total: 1139 creatures vanquished

Notes
Turn   | Place    | Note
--------------------------------------------------------------
     0 | D:1      | Loading the Minotaur Berserker began the quest for the Orb.
     0 | D:1      | Reached XP level 1. HP: 19/19 MP: 0/0
   299 | D:1      | Found a shimmering altar of Xom.
   368 | D:1      | Reached XP level 2. HP: 23/27 MP: 1/1
   470 | D:1      | Reached skill level 4 in Axes
   966 | D:2      | Reached XP level 3. HP: 28/33 MP: 2/2
  1032 | D:2      | Reached ** piety under Trog
  1255 | D:2      | Noticed Ijyb
  1274 | D:2      | Killed Ijyb
  1274 | D:2      | Reached skill level 5 in Axes
  1274 | D:2      | Reached XP level 4. HP: 34/40 MP: 3/3
  1877 | D:3      | Reached *** piety under Trog
  1885 | D:3      | Reached XP level 5. HP: 38/46 MP: 4/4
  2097 | D:3      | Found a stormy altar of Qazlal.
  2192 | D:3      | Reached skill level 6 in Axes
  2659 | D:4      | Noticed Eustachio
  2662 | D:4      | Killed Eustachio
  2662 | D:4      | Reached skill level 7 in Axes
  2662 | D:4      | Reached XP level 6. HP: 52/52 MP: 5/5
  2668 | D:4      | Reached skill level 5 in Armour
  3090 | D:4      | Found a basalt altar of Yredelemnul.
  3092 | D:4      | Found a burning altar of Makhleb.
  3115 | D:4      | Reached skill level 8 in Axes
  3115 | D:4      | Reached XP level 7. HP: 59/59 MP: 6/6
  3354 | D:5      | Entered Level 5 of the Dungeon
  3569 | D:5      | Reached **** piety under Trog
  3569 | D:5      | Reached skill level 9 in Axes
  3856 | D:5      | Reached XP level 8. HP: 58/66 MP: 7/7
  3872 | D:5      | Found a staircase to the Ecumenical Temple.
  4003 | D:5      | Reached skill level 10 in Axes
  4402 | D:6      | Reached skill level 11 in Axes
  4573 | D:6      | Found Boghiurgh's General Store.
  4695 | D:6      | Found a runed door.
  4797 | D:6      | Found a runed door.
  4825 | D:6      | Reached XP level 9. HP: 71/71 MP: 8/8
  4920 | D:6      | Reached skill level 12 in Axes
  5461 | D:7      | Found an iron altar of Okawaru.
  6027 | D:8      | Reached skill level 13 in Axes
  6449 | D:8      | Found a glowing silver altar of Zin.
  6479 | D:8      | Reached ***** piety under Trog
  7392 | D:9      | Reached skill level 14 in Axes
  7392 | D:9      | Reached XP level 10. HP: 43/78 MP: 9/9
  7818 | D:9      | You fall through a shaft for 2 floors!
  8006 | D:11     | Noticed a gargoyle
  8026 | D:11     | Killed a gargoyle
  8145 | D:11     | Noticed Snorg
  8154 | D:11     | Killed Snorg
  8154 | D:11     | Reached skill level 10 in Armour
  8297 | D:10     | Entered Level 10 of the Dungeon
  8312 | D:10     | Found a staircase to the Lair.
  8361 | D:10     | Reached skill level 15 in Axes
  8432 | D:10     | Found Okinudd's Assorted Antiques.
  9183 | D:9      | Received a gift from Trog
  9341 | D:9      | Found a staircase to the Orcish Mines.
  9348 | D:9      | Noticed a hill giant
  9385 | D:9      | Killed a hill giant
  9869 | Lair:1   | Entered Level 1 of the Lair of Beasts
  9996 | Lair:1   | Reached skill level 16 in Axes
  9997 | Lair:1   | Noticed a spiny frog
 10012 | Lair:1   | Killed a spiny frog
 10012 | Lair:1   | Reached XP level 11. HP: 26/84 MP: 10/10
 11195 | Lair:2   | Noticed a seven-headed hydra
 11201 | Lair:2   | Killed a five-headed hydra
 11201 | Lair:2   | Reached skill level 17 in Axes
 12726 | Lair:3   | Found a hole to the Spider Nest.
 12832 | Lair:3   | Noticed a five-headed hydra
 12839 | Lair:3   | Killed a two-headed hydra
 12839 | Lair:3   | Reached skill level 18 in Axes
 12862 | Lair:3   | Reached XP level 12. HP: 76/91 MP: 11/11
 13243 | Lair:4   | Received a gift from Trog
 13588 | Lair:4   | Found a staircase to the Swamp.
 14012 | Lair:4   | Noticed a six-headed hydra
 14020 | Lair:4   | Killed a two-headed hydra
 14219 | Lair:4   | Reached skill level 19 in Axes
 14336 | Lair:4   | Noticed a five-headed hydra
 14343 | Lair:4   | Killed a two-headed hydra
 14667 | Lair:5   | Found a dark tunnel.
 14681 | Volcano  | Entered a volcano
 14885 | Volcano  | Received a gift from Trog
 15112 | Volcano  | Noticed a fire dragon
 15126 | Volcano  | Killed a fire dragon
 15126 | Volcano  | Reached skill level 20 in Axes
 15444 | Lair:5   | Reached XP level 13. HP: 83/96 MP: 12/12
 16153 | Lair:5   | Reached skill level 15 in Armour
 16767 | Lair:6   | Noticed Rupert
 16778 | Lair:6   | Killed Rupert
 16784 | Lair:6   | Reached skill level 21 in Axes
 17071 | Lair:6   | Reached skill level 5 in Fighting
 17567 | Lair:6   | Found a staircase to the Slime Pits.
 17568 | Lair:6   | Found a viscous altar of Jiyva.
 18458 | Lair:7   | Reached skill level 5 in Dodging
 18541 | Lair:7   | Reached XP level 14. HP: 79/110 MP: 13/13
 18750 | Lair:7   | Received a gift from Trog
 19345 | Lair:8   | Entered Level 8 of the Lair of Beasts
 19547 | Lair:7   | HP: 6/169 [six-headed hydra (7)]
 21636 | Lair:8   | Reached XP level 15. HP: 124/124 MP: 14/14
 22484 | D:11     | Reached skill level 22 in Axes
 22523 | D:11     | Received a gift from Trog
 22723 | D:11     | Got a bound tin ring
 22726 | D:11     | Lost intelligence.
 22726 | D:11     | Identified the ring of Zoso {*Corrode +Blink rPois MR+ Int-4} (You found it on level 11 of the Dungeon)
 23263 | Orc:1    | Entered Level 1 of the Orcish Mines
 23350 | Orc:2    | Entered Level 2 of the Orcish Mines
 23356 | Orc:2    | Noticed Saint Roka
 23358 | Orc:2    | Noticed Nessos
 23700 | Orc:1    | Killed Saint Roka
 23856 | Orc:2    | Killed Nessos
 23890 | Orc:2    | Found Gion Fouc's Food Emporium.
 24313 | Orc:2    | Found Zeujaen's Magic Scroll Shoppe.
 24334 | Orc:2    | Reached skill level 10 in Fighting
 25702 | Orc:2    | Paralysed by an orc sorcerer for 5 turns
 26188 | Orc:2    | Noticed an orc warlord
 26205 | Orc:2    | Killed an orc warlord
 26449 | Orc:2    | Noticed an orc warlord
 26463 | Orc:2    | Killed an orc warlord
 26611 | Orc:2    | Found a staircase to the Elven Halls.
 27094 | Orc:2    | Reached skill level 10 in Dodging
 27138 | Orc:2    | Found Zophusel's Antique Armour Shop.
 27138 | Orc:2    | Found Yhexuruo's Gadget Boutique.
 27139 | Orc:2    | Found a one-way gate leading to the halls of Pandemonium.
 27156 | Orc:2    | Bought a crude plate armour for 840 gold pieces
 27172 | Orc:2    | Identified the +9 plate armour of Rogamow {rElec rN+ MR-} (You bought it in a shop on level 2 of the Orcish Mines)
 27247 | Orc:2    | Found Riqun's Armour Shoppe.
 27660 | Orc:1    | Paralysed by an orc sorcerer for 3 turns
 27856 | Orc:1    | Found a roughly hewn altar of Beogh.
 27874 | Orc:1    | Received a gift from Trog
 27884 | Orc:1    | Found a roughly hewn altar of Beogh.
 28510 | D:12     | Noticed Maurice
 28521 | D:12     | Killed Maurice
 28957 | D:12     | Reached XP level 16. HP: 135/137 MP: 5/15
 29288 | D:13     | Received a gift from Trog
 29367 | D:13     | Received a gift from Trog
 29375 | D:13     | Found a roughly hewn altar of Beogh.
 29435 | D:13     | Reached ****** piety under Trog
 30183 | D:14     | Reached skill level 1 in Evocations
 30523 | D:14     | Found a gate to the Vaults.
 30660 | D:14     | Noticed Yehuk's ghost (journeyman GrFi)
 30667 | D:14     | Killed Yehuk's ghost
 30680 | D:14     | Received a gift from Trog
 30698 | D:14     | Found a shattered altar of Ashenzari.
 31629 | D:15     | Entered Level 15 of the Dungeon
 31629 | D:15     | Found a gateway to a bazaar.
 31703 | D:15     | Reached skill level 23 in Axes
 31725 | Bazaar   | Entered a bazaar
 31726 | Bazaar   | Found Wizol's Antique Armour Emporium.
 31726 | Bazaar   | Found Imepnooth's Assorted Antiques.
 31727 | Bazaar   | Found Berefad's Food Boutique.
 31761 | Bazaar   | Found Mol Kit's Gadget Shop.
 31822 | Bazaar   | Bought a scroll labeled QIPLOIHELU for 29 gold pieces
 31822 | Bazaar   | Bought a scroll of identify for 58 gold pieces
 31822 | Bazaar   | Bought a green potion for 26 gold pieces
 31822 | Bazaar   | Bought a potion of heal wounds for 145 gold pieces
 31834 | Bazaar   | Got a pair of translucent boots
 31840 | Bazaar   | Identified the +1 pair of boots "Mumyjon" {+Blink rPois Str+4 Int-5} (You acquired it in a bazaar)
 31840 | Bazaar   | Lost intelligence.
 31915 | Bazaar   | Bought a meat ration for 30 gold pieces
 31915 | Bazaar   | Bought a bread ration for 30 gold pieces
 31915 | Bazaar   | Bought a beef jerky for 9 gold pieces
 31915 | Bazaar   | Bought a slice of pizza for 9 gold pieces
 31915 | Bazaar   | Bought a meat ration for 30 gold pieces
 31915 | Bazaar   | Bought a meat ration for 30 gold pieces
 31915 | Bazaar   | Bought a bread ration for 30 gold pieces
 31915 | Bazaar   | Bought 4 fruits for 36 gold pieces
 32135 | D:15     | Annihilated by a titanic slime creature

Skill      XL: |  1  2  3  4  5  6  7  8  9 10 11 12 13 14 15 16 |
---------------+-------------------------------------------------+-----
Fighting       | 4 6 9 11 12 | 12.3
Axes           | 4 5 7 8 9 11 14 16 18 20 21 22 23 | 23.0
Armour         | 3 4 5 6 7 9 11 12 14 15 16 17 18 | 18.2
Dodging        | 5 8 10 11 | 11.3
Evocations     | 3 |  3.1

Action                   |  1- 3 |  4- 6 |  7- 9 | 10-12 | 13-15 | 16-18 || total
-------------------------+-------+-------+-------+-------+-------+-------++-------
Melee: Hand axe          |   122 |    69 |       |       |       |       ||   191
       Headbutt          |    34 |    17 |    47 |   142 |   322 |   121 ||   683
       War axe           |       |    56 |   287 |       |       |       ||   343
       Battleaxe         |       |       |     2 |   620 |   615 |       ||  1237
       Executioner's axe |       |       |       |       |   517 |   368 ||   885
Invok: Berserk           |     1 |     2 |       |     4 |     6 |       ||    13
       Trog's Hand       |       |       |     4 |     9 |    22 |     1 ||    36
       Brothers in Arms  |       |       |       |     4 |     3 |       ||     7
       Burn Spellbooks   |       |       |       |       |     1 |     5 ||     6
  Use: Scroll            |       |     5 |    16 |     8 |     8 |     5 ||    42
       Potion            |       |       |       |       |     2 |       ||     2
 Stab: Distracted        |       |       |       |     1 |     2 |     1 ||     4
  Eat: Chunk             |     1 |     4 |    10 |    37 |    54 |    11 ||   117
       Bread ration      |       |     1 |     2 |     1 |       |       ||     4
       Fruit             |       |       |       |     1 |       |       ||     1
       Pizza             |       |       |       |     1 |       |       ||     1
Armor: Animal skin       |    15 |     2 |       |       |       |       ||    17
       Chain mail        |       |    69 |   173 |   106 |       |       ||   348
       Plate armour      |       |       |       |   250 |    60 |   253 ||   563
       Fire dragon armou |       |       |       |     2 |   509 |       ||   511
Dodge: Dodged            |    66 |    47 |   105 |   256 |   747 |   245 ||  1466
